 Dungeon Crawl Stone Soup version 0.25-a0-404-gc1b5a34 (webtiles) character file.

Game seed: 5296565149569897825, levelgen mode: deterministic

151 Firecrotchwizard the Distorting Demonspawn (level 5, -6/42 HPs)
             Began as a Demonspawn Abyssal Knight on Jan 10, 2020.
             Was a Believer of Lugonu.
             Killed by divine providence
             ... invoked by an orc priest
              (15 damage)
             ... on level 3 of the Dungeon.
             The game lasted 00:04:20 (3120 turns).

Firecrotchwizard the Distorting Demonspawn (DsAK)   Turns: 3120, Time: 00:04:20

Health: -6/42      AC:  8    Str: 13    XL:     5   Next: 11%
Magic:  16/16      EV:  9    Int: 13    God:    Lugonu [**....]
Gold:   54         SH:  0    Dex: 13    Spells: 4/4 levels left

rFire    . . .     SeeInvis .   a - +1 falchion
rCold    . . .     Gourm    .   (no shield)
rNeg     . . .     Faith    .   q - +0 scale mail
rPois    .         Spirit   .   (no helmet)
rElec    .         Reflect  .   (no cloak)
rCorr    .         Harm     .   (no gloves)
MR       .....                  (no boots)
Stlth    ..........             (no amulet)
HPRegen  0.14/turn              (no ring)
MPRegen  0.15/turn              e - ring of magical power {MP+9}

@: confused
A: talons 1, icy blue scales 1
a: Depart the Abyss, Bend Space, Renounce Religion


You were on level 3 of the Dungeon.
You worshipped Lugonu.
Lugonu was pleased with you.
You were not hungry.

You visited 1 branch of the dungeon, and saw 3 of its levels.
You visited the Abyss 1 time.

You collected 54 gold pieces.

Inventory:

Hand Weapons
 a - a +1 falchion (weapon)
Armour
 b - a +0 leather armour
 g - a +0 chain mail
   (You found it on level 1 of the Dungeon)
 q - a +0 scale mail (worn)
   (You took it off Terence on level 2 of the Dungeon)
Jewellery
 e - a ring of magical power (right hand) {MP+9}
   (You found it on level 1 of the Dungeon)
 r - an uncursed ring of magical power {MP+9}
   (You found it on level 2 of the Dungeon)
Wands
 p - a wand of random effects (16)
   (You took it off Terence on level 2 of the Dungeon)
Scrolls
 i - a scroll of teleportation
 j - a scroll of enchant weapon {unknown}
 k - a scroll of immolation {unknown}
 s - a scroll of enchant armour {unknown}
 t - a scroll of blinking {unknown}
 u - 3 scrolls of identify
 w - a scroll of amnesia {unknown}
Potions
 d - 2 potions of degeneration {!q}
 f - a potion of magic {unknown}
 h - a potion of invisibility {unknown}
 l - a potion of heal wounds {unknown}
 m - a potion of berserk rage {unknown}
 n - a potion of brilliance {unknown}
 v - a potion of might {unknown}
 x - a potion of resistance {unknown}
Comestibles
 c - 8 rations
 o - 4 chunks of flesh {@w0}


   Skills:
 + Level 3.9 Fighting
 * Level 3.6 Long Blades
 - Level 1.7 Armour
 - Level 0.8 Dodging
 + Level 3.9 Invocations


You had 4 spell levels left.
You didn't know any spells.
Your spell library was empty.

Dungeon Overview and Level Annotations

Branches:
Dungeon (3/15)

Altars:


Innate Abilities, Weirdness & Mutations

You have sharp toenails.
You are partially covered in icy blue scales. (AC +2)


Message History

Health restored: 37 A frilled lizard is nearby!
No target in view!
No target in view!
The frilled lizard bites you but does no damage.
Found a stone staircase leading down.
You hit the frilled lizard.
You kill the frilled lizard!
Lugonu accepts your kill.
No target in view!
No target in view!
A kobold and an orc priest come into view.
The kobold shouts!
The orc priest shouts!
You hear a shout! x2
The orc priest miscasts a cantrip.
There are monsters nearby! 2 orcs and an orc priest come into view.
The orc shouts!
The orc priest shouts!
The orc priest looks encouraged for a moment.
The orc priest looks braver for a moment.
An orc wizard comes into view. It is wielding a +0 dagger.
A bat comes into view.
An orc comes into view. It is wielding a +0 dagger.
The bat moves out of view.
The kobold hits you but does no damage.
The orc wizard mumbles some strange words.
The orc wizard flickers and vanishes!
Deactivating autopickup; reactivate with Ctrl-A.
You barely miss the kobold. Your kick misses the kobold.
The kobold hits you but does no damage.
You hit the kobold.
You kill the kobold!
Lugonu accepts your kill.
An orc comes into view. It is wielding a +0 war axe.
Okay, then.
Your scale mail prevents you from hitting the orc priest.
The orc shouts!
You claw the orc priest, but do no damage.
The orc priest hits you with a +0 mace.
You take 1 damage, and have 36/37 hp.
You hit the orc priest. The orc priest barely misses you.
You riposte.
You slash the orc priest! Your kick misses the orc priest.
You barely miss the orc priest. You claw the orc priest.
The orc priest hits you but does no damage.
You hit the orc priest but do no damage.
Your kick misses the orc priest. You hit the orc. The orc barely misses you.
You barely miss the orc. You claw the orc.
You kill the orc!
Lugonu accepts your kill.
You slash the orc priest!
You kill the orc priest!
Lugonu accepts your kill.
You have reached level 5!
Health restored: 42; MP restored: 16 You miss something.
Something hits you but does no damage.
You hit something but do no damage. Something hits you but does no damage.
You miss something. Your kick misses something.
You hear some strange, mumbled words.
Something tries to affect you, but you resist.
You hit something. You claw something.
The orc priest looks braver for a moment.
Something hits you but does no damage.
You miss something. You claw something.
You hear some strange, mumbled words.
A magic dart appears from out of thin air!
The magic dart hits you.
You take 6 damage, and have 36/42 hp.
You hit something. Your kick misses something.
You hear some strange, mumbled words.
You are confused.
You hit something.
The orc priest looks braver for a moment.
Something hits you but does no damage.
The orc priest begins to cast a cantrip, but forgets the words!
You bump into the rock wall.
Something hits you.
You take 1 damage, and have 36/42 hp.
You bump into the rock wall.
Something hits you but does no damage.
The orc priest looks encouraged for a moment.
You barely miss something. Your kick misses something. Something hits you.
The orc priest calls down the wrath of Beogh upon you.
Beogh smites you! Something hits you but does no damage.
You take 15 damage, and have 21/42 hp.
MASSIVE DAMAGE!!
You miss something. You claw something. Something hits you but does no damage.
You bump into the rock wall.
You feel less confused.
The orc priest mumbles some strange prayers to Beogh against you.
Beogh smites you!
* * * LOW HITPOINT WARNING * * *
You hear some strange, mumbled words.
You are confused.
You take 13 damage, and have 8/42 hp.
MASSIVE DAMAGE!!
You bump into the rock wall.
Something hits you but does no damage.
You hit something but do no damage. Your kick misses something.
Something hits you but does no damage.
You bump into the rock wall.
The orc priest calls down the wrath of Beogh upon you.
Beogh smites you!
You die...

#.# #####.### #.#
##.# ........ ...
.... #####...###
#.# #..#
..........# #.#
#..#
#>##...#.####.#
#..## ##.##....#.#
#..##
#.#####.#.####.)##
#@# #.........##
#{# ###.####.###
#b# #.# #.# # #o#
#.####.### #o#
#......(..


.oo ######.... ... #.### ... #.# ..... #.# You could see an orc priest, 3 orcs
and a bat.

Vanquished Creatures
  An orc priest (D:3)
  Terence (D:2)
  2 adders
  4 worms
  A dart slug (D:1)
  4 leopard geckos
  4 orcs (D:3)
  2 giant cockroaches (D:2)
  4 goblins
  7 hobgoblins
  4 jackals (D:3)
  9 kobolds
  2 quokkas
  A ball python (D:1)
  5 bats
  4 frilled lizards
  5 rats
60 creatures vanquished.

Notes
Turn   | Place    | Note
-------+----------+-------------------------------------------
     0 | Abyss:1  | Firecrotchwizard the Demonspawn Abyssal Knight began the
                  | quest for the Orb.
     0 | Abyss:1  | Reached XP level 1. HP: 18/18 MP: 2/2
   123 | D:1      | Escaped the Abyss
   206 | D:1      | Reached skill level 2 in Long Blades
   268 | D:1      | Gained mutation: You are partially covered in icy blue
                  | scales. (AC +2) [demonic ancestry]
   268 | D:1      | Reached XP level 2. HP: 23/24 MP: 4/4
   791 | D:1      | Reached ** piety under Lugonu
   791 | D:1      | Reached skill level 3 in Invocations
  1190 | D:2      | Gained mutation: You have sharp toenails. [demonic
                  | ancestry]
  1190 | D:2      | Reached XP level 3. HP: 29/29 MP: 5/5
  1246 | D:2      | HP: 2/29 [worm (9)]
  1838 | D:2      | Reached skill level 3 in Long Blades
  1945 | D:2      | Noticed Terence
  1969 | D:2      | Killed Terence
  1969 | D:2      | Reached XP level 4. HP: 22/36 MP: 6/6
  3104 | D:3      | Reached XP level 5. HP: 41/42 MP: 7/7
  3117 | D:3      | HP: 8/42 [orc priest/divine providence (13)]
  3120 | D:3      | Killed from afar by an orc priest

Levels and vault maps discovered:
D:1:      lemuel_arrival_cross, layout_basic
D:2:      layout_basic, first_ration, uniq_terence
D:3:      layout_loops_ring

Skill      XL: |  1  2  3 |
---------------+----------+-----
Long Blades    | 2 3 |  3.6
Invocations    | 3 |  3.9
Fighting       | |  3.9
Armour         | |  1.7
Dodging        | |  0.8

Action                   |  1- 3 |  4- 6 || total
-------------------------+-------+-------++-------
Melee: Falchion          |    99 |    78 ||   177
       Kick              |    12 |    22 ||    34
Invok: Bend Space        |     1 |       ||     1
  Use: Scroll            |       |     4 ||     4
  Eat: Chunk             |     3 |     4 ||     7
Armor: Leather armour    |    30 |       ||    30
       Scale mail        |       |    48 ||    48
Dodge: Dodged            |    71 |    23 ||    94
       Rpst.: Falchion   |    27 |     4 ||    31

Table legend:
 A = Non-vault XP
 B = Vault XP
 C = Vault XP percentage of total XP
 D = Non-vault monster count
 E = Vault monster count
 F = Vault count percentage of total count
                 A         B        C        D         E       F
            +---------+---------+-------+---------+---------+-------
      Total |     181 |      36 |  16.6 |      59 |       1 |   1.7
            +---------+---------+-------+---------+---------+-------
        D:1 |      50 |       0 |   0.0 |      23 |       0 |   0.0
        D:2 |      56 |      36 |  39.1 |      19 |       1 |   5.0
        D:3 |      75 |       0 |   0.0 |      17 |       0 |   0.0
            +---------+---------+-------+---------+---------+-------

Levels and vault maps discovered:
D:1:      lemuel_arrival_cross, layout_basic
D:2:      layout_basic, first_ration, uniq_terence
D:3:      layout_loops_ring

Table legend:
 A = Turns spent in this place as a percentage of turns spent in the entire game.
 B = Non-inter-level travel turns spent in this place as a percentage of non-inter-level travel turns spent in the entire game.
 C = Inter-level travel turns spent in this place as a percentage of turns spent in this place.
 D = Turns resting spent in this place as a percentage of non-inter-level travel turns spent in this place.
 E = Turns spent auto-exploring this place as a percentage of non-inter-level travel turns spent in this place.
 F = Non-inter-level travel turns spent in this place divided by the number of levels of this place that you've seen.
                   A       B       C       D       E      F
               +-------+-------+-------+-------+-------+----------------------
         Total | 100.0 | 100.0 |   1.1 |  28.4 |  57.2 | 771.2
       Dungeon |  96.1 |  96.0 |   1.2 |  29.6 |  55.7 | 987.3
         Abyss |   3.9 |   4.0 |   0.0 |   0.0 |  92.7 | 123.0
               +-------+-------+-------+-------+-------+----------------------

Table legend:
 A = Kills in this place as a percentage of kills in entire the game.
 B = Kills by you in this place as a percentage of kills by you in the entire game.
 C = Kills by friends in this place as a percentage of kills by friends in the entire game.
 D = Other kills in this place as a percentage of other kills in the entire game.
 E = Experience gained in this place as a percentage of experience gained in the entire game.
 F = Experience gained in this place divided by the number of levels of this place that you have seen.
                   A       B       C       D       E      F
               +-------+-------+-------+-------+-------+----------------------
         Total | 100.0 | 100.0 |   N/A |   N/A | 100.0 |  54.2
       Dungeon | 100.0 | 100.0 |   N/A |   N/A | 100.0 |  72.3
               +-------+-------+-------+-------+-------+----------------------
